[Event "28th Bosnjaci Open 2024"]
[Site "Bosnjaci"]
[Date "2024.01.09"]
[Round "9.8"]
[White "Cvitan, Ena"]
[Black "Muratovic, Efim"]
[Result "1/2-1/2"]
[ECO "A43"]
[WhiteElo "2242"]
[BlackElo "2345"]
[Annotator "RC"]
[PlyCount "123"]
[EventDate "2024.01.02"]
[EventType "swiss"]
[EventCountry "CRO"]
[SourceTitle "playchess.com"]
[Source "ChessBase"]
[SourceQuality "1"]
[TimeControl "5400+30"]

1. d4 c5 2. d5 e6 3. e4 a6 4. a4 d6 5. Nc3 Be7 6. Nf3 e5 7. Bd3 Nf6 8. Nd2 b6 9. O-O O-O 10. Nc4 Nbd7 11. f4 exf4 12. Bxf4 Ne8 13. Qf3 f6 14. Qg3 Ne5 15. Rab1 Qc7 16. Be3 Bd7 17. Be2 Bd8 18. b3 Qc8 19. Rf2 Rb8 20. Rbf1 Be7 21. Bh5 b5 22. axb5 axb5 23. Nxe5 dxe5 24. Bh6 Kh8 25. d6 Bd8 26. Bxe8 gxh6 27. Bxd7 Qxd7 28. Nd5 Qxd6 29. c4 bxc4 30. bxc4 Rb7 31. Qh3 Rg7 32. Qxh6 Rg6 33. Qh3 Qa6 34. Qe3 Qxc4 35. Rc1 Qd4 36. Rxc5 Qxe3 37. Nxe3 Bb6 38. Rc3 Ra8 39. Kf1 Ra1+ 40. Ke2 Ra2+ 41. Kf3 Rxf2+ 42. Kxf2 Rg4 43. Kf3 Rf4+ 44. Kg3 h5 45. Nf5 Kh7 46. Rc6 Bf2+ 47. Kh3 Kg6 48. Ne7+ Kg5 49. g3 Rxe4 50. Nd5 Re2 51. Nxf6 e4 52. Nh7+ Kf5 53. Rf6+ Ke5 54. Rh6 Bg1 55. Rxh5+ Kd4 56. Ng5 Kd3 57. Nxe4 Kxe4 58. Kg4 Bxh2 59. Rh8 Rg2 60. Re8+ Kd5 61. Kh3 Ra2 62. Re1 1/2-1/2

[Event "28th Bosnjaci Open 2024"]
[Site "Bosnjaci"]
[Date "2024.01.09"]
[Round "9.9"]
[White "Ljikar, Zoran"]
[Black "Biti, Ozren"]
[Result "0-1"]
[ECO "C41"]
[WhiteElo "2200"]
[BlackElo "2308"]
[Annotator "TA"]
[PlyCount "58"]
[EventDate "2024.01.02"]
[EventType "swiss"]
[EventCountry "CRO"]
[SourceTitle "playchess.com"]
[Source "ChessBase"]
[SourceQuality "1"]
[TimeControl "5400+30"]

1. e4 d6 2. d4 Nf6 3. Nc3 e5 4. Nf3 Nbd7 5. Bc4 Be7 6. O-O O-O 7. a4 a5 8. h3 c6 9. Re1 {[%emt 0:00:12] The main line 9.Re1 scores better than 9.Be3.} exd4 10. Nxd4 Nc5 11. Qf3 {[%emt 0:08:20] C41: Philidor Defence.} Be6 12. Bf1 Qb6 13. Nf5 ({Better is} 13. Rb1 $14) 13... Bxf5 $15 14. exf5 {[%emt 0:02:00] [#]} Rfe8 $146 ({Predecessor:} 14... Rae8 15. Bf4 d5 16. b3 Nce4 17. Be3 Bc5 18. Nxe4 Rxe4 19. Bd3 Bxe3 20. Rxe3 Rxe3 21. Qxe3 Qxe3 22. fxe3 {½-½ Polzin,R (2462)-Maiwald,J (2516) Bundesliga 0203 2002 (7.5)}) 15. b3 d5 16. Bg5 Ncd7 17. Rad1 Bb4 {[%emt 0:04:02] [#] Hoping for ...Rxe1.} 18. Rxe8+ Rxe8 19. Na2 Bc5 {[%emt 0:03:07] Threatens to win with ...Ne5.} 20. Bh4 $2 {[%emt 0:11:12] This move loses the game for White.} (20. Nc3 $17) 20... Ne4 {[%emt 0:06:03] And now ...Ne5 would win.} 21. Bd3 {[%emt 0:04:48] [#] White is weak on the dark squares} (21. g4 {might work better.}) 21... Ne5 $1 $19 {[%emt 0:04:18] A dynamic duo of knights.} 22. Qe2 Nxd3 23. Rxd3 (23. cxd3 $142 Nd6 24. Qb2 Nxf5 25. Bg5) 23... Nd6 24. Qf3 (24. Be7) 24... Re1+ 25. Kh2 Ne4 {[%emt 0:00:58] White must now prevent ...Qc7+.} 26. Nc3 Bd6+ 27. g3 Nxf2 ({And not} 27... Qxf2+ 28. Qxf2 Nxf2 29. Rd2 $17) 28. Rd2 Ne4 ({Inferior is} 28... Rh1+ 29. Kg2 Ne4 30. Kxh1 $17) 29. Rg2 Re3 {[%emt 0:00:27] Weighted Error Value: White=1.25/Black=0.12 (very precise)} (29... Nd2 $142 30. Qd3 Nf1+ 31. Qxf1 Rxf1) 0-1

[Event "28th Bosnjaci Open 2024"]
[Site "Bosnjaci"]
[Date "2024.01.09"]
[Round "9.10"]
[White "Cupic, Lovro"]
[Black "Markovic, Franjo-Josip"]
[Result "1/2-1/2"]
[ECO "C54"]
[WhiteElo "2265"]
[BlackElo "2194"]
[Annotator "TA"]
[PlyCount "84"]
[EventDate "2024.01.02"]
[EventType "swiss"]
[EventCountry "CRO"]
[SourceTitle "playchess.com"]
[Source "ChessBase"]
[SourceQuality "1"]
[TimeControl "5400+30"]

1. e4 e5 2. Nf3 Nc6 3. Bc4 Nf6 4. d3 Bc5 5. c3 d6 6. a4 a6 7. O-O h6 8. Re1 O-O 9. Nbd2 Ba7 10. Nf1 {[%emt 0:01:37] White has an edge.} (10. b4 {looks sharper.} Nh5 11. Nb3 Qf6 12. b5) 10... Ne7 11. Be3 c6 12. Bxa7 Rxa7 13. d4 Ng6 14. Ng3 Re8 15. h3 Qc7 16. Qd2 Ra8 17. dxe5 dxe5 18. Nf5 (18. Red1 $11) 18... Be6 (18... Bxf5 $17 19. exf5 Nf4) 19. Bxe6 fxe6 20. Ne3 Rad8 21. Qc2 Rd7 (21... Rf8 $14) 22. g3 Rf7 23. Rad1 Ref8 24. Rd2 Kh7 (24... b5 $14) 25. Nh2 $16 {[%emt 0:08:23] White is more active.} Rd8 26. Red1 Rfd7 27. Nhf1 b5 28. f3 Qb6 29. Rxd7 Rxd7 30. axb5 cxb5 31. Kg2 (31. Rxd7 {simplifies} Nxd7 32. Qd2 Qc7 33. b4) 31... b4 32. Ng4 (32. cxb4 {simplifies} Rxd1 33. Nxd1 Qxb4 34. Nf2) 32... Rxd1 33. Nxf6+ gxf6 34. Qxd1 bxc3 35. bxc3 $11 {[%emt 0:01:56][%mdl 4096] Endgame. KQN-KQN} a5 36. Qc1 (36. h4 $11 {remains equal.}) 36... Qc5 (36... h5 $17 {aiming for ...h4.} 37. h4 a4) 37. Ne3 h5 {[%emt 0:00:11] [#] Strongly threatening ...a4.} 38. Qd2 a4 ({Better is} 38... Kg8 $15 39. Nd1 Qa7) 39. Qd7+ {[%emt 0:03:43] The position is equal.} Kh6 40. Qd2 {[%emt 0:00:04] Nf5+ would kill now.} Kh7 {[%emt 0:00:27] And now ...Qa7 would win.} 41. Qd7+ Kh6 42. Qd2 {[%emt 0:00:05] [#] Threatening mate with Nf5+.} Kh7 {[%emt 0:04:39] Weighted Error Value: White=0.20 (precise) /Black=0.23 (precise) .  Mistake:       	White=2     	Black=5      Inaccurate:     	White=8     	Black=2      OK:         	White=10    	Black=9      Best:        	White=3     	---} 1/2-1/2

[Event "28th Bosnjaci Open 2024"]
[Site "Bosnjaci"]
[Date "2024.01.09"]
[Round "9.11"]
[White "Jocev, Milan"]
[Black "Nomindalai Tumurbaatar"]
[Result "1/2-1/2"]
[ECO "E63"]
[WhiteElo "2376"]
[BlackElo "2166"]
[Annotator "RC"]
[PlyCount "61"]
[EventDate "2024.01.02"]
[EventType "swiss"]
[EventCountry "CRO"]
[SourceTitle "playchess.com"]
[Source "ChessBase"]
[SourceQuality "1"]
[TimeControl "5400+30"]

1. d4 Nf6 2. c4 g6 3. g3 Bg7 4. Bg2 d6 5. Nf3 O-O 6. O-O Nc6 7. Nc3 a6 8. Qd3 Bd7 9. e4 e5 10. dxe5 dxe5 11. Be3 Bg4 12. Nd5 Bxf3 13. Bxf3 Nd7 14. Bg4 Kh8 15. Nxc7 Nf6 16. Qxd8 Raxd8 17. f3 Nd4 18. Bg5 Nxg4 19. fxg4 f6 20. Be3 Rc8 21. Bxd4 Rxc7 22. Bc3 Rxc4 23. Rfe1 b5 24. a3 Rfc8 25. Rad1 Bf8 26. g5 fxg5 27. Bxe5+ Kg8 28. Re2 Re8 29. b3 Rc6 30. Bb2 Rd6 31. Rxd6 1/2-1/2

[Event "28th Bosnjaci Open 2024"]
[Site "Bosnjaci"]
[Date "2024.01.09"]
[Round "9.12"]
[White "Alimpic, Aleksa"]
[Black "Sundac, Ivano"]
[Result "1/2-1/2"]
[ECO "D37"]
[WhiteElo "2282"]
[BlackElo "2070"]
[Annotator "TA"]
[PlyCount "58"]
[EventDate "2024.01.02"]
[EventType "swiss"]
[EventCountry "CRO"]
[SourceTitle "playchess.com"]
[Source "ChessBase"]
[SourceQuality "1"]
[TimeControl "5400+30"]

1. d4 d5 2. c4 e6 3. Nf3 Nf6 4. Nc3 Be7 5. Bf4 O-O 6. a3 b6 7. e3 Ba6 8. Nb5 {[%emt 0:00:53] Weiß hat minimalen Vorteil.} Bd6 9. Nxd6 cxd6 10. Rc1 h6 11. h3 Qe7 12. Qa4 (12. Bh2 $11 {bleibt in der Remisbreite.}) 12... dxc4 13. Bxc4 $2 {[%emt 0:00:14] [#]} (13. Qb4 $15 Qb7 14. Bxc4) 13... Bb7 $2 (13... Rc8 $19 {[%cal Ob6b5] Droht stark ...b5!} 14. Bxd6 Qd7 (14... Qxd6 $2 15. O-O $19) 15. Qxd7 Nbxd7) 14. Be2 Nd5 15. Bh2 {[%emt 0:01:57] Weiß steht aktiver.} a6 16. Qb3 Nc6 17. O-O b5 18. Nd2 Na5 19. Qd3 Nb6 20. Qb1 Rac8 21. Rxc8 Rxc8 22. Rc1 Nac4 23. Nxc4 bxc4 24. Qc2 Qg5 {[%emt 0:01:31][%csl Gb7][%cal Rg5g2] [#] Die Stellung ist ausgeglichen.} (24... d5 {vereinfacht} 25. Rb1 Bc6 26. Qc3 Bb5) 25. Bg3 (25. Bxd6 $2 Qxg2#) 25... Qb5 26. Bxd6 {[%emt 0:05:35] Zielt auf Bc5 ab.} Bxg2 $1 27. Kxg2 Qc6+ 28. Bf3 Qxd6 29. Qe4 Rc7 {[%emt 0:04:32] Gewichteter Fehlerwert: Weiß=0.23 (präzise) /Schwarz=0.26 (präzise) .  Gewinn verpasst:   	---       	Schwarz=1     Fehler:       	Weiß=2     	---        Ungenau:       	Weiß=3     	Schwarz=1     OK:         	Weiß=8     	Schwarz=5     Stark:        	---       	Schwarz=1} 1/2-1/2

[Event "28th Bosnjaci Open 2024"]
[Site "Bosnjaci"]
[Date "2024.01.09"]
[Round "9.13"]
[White "Bobanac, Miro"]
[Black "Konjevic, Nikola"]
[Result "1/2-1/2"]
[ECO "A12"]
[WhiteElo "2238"]
[BlackElo "2035"]
[Annotator "TA"]
[PlyCount "98"]
[EventDate "2024.01.02"]
[EventType "swiss"]
[EventCountry "CRO"]
[SourceTitle "playchess.com"]
[Source "ChessBase"]
[SourceQuality "1"]
[TimeControl "5400+30"]

1. Nf3 d5 2. g3 Bg4 3. Bg2 e6 4. c4 c6 5. O-O Nf6 6. b3 dxc4 {[%emt 0:16:18] A12: English Opening: 1...c6 with b3 by White.} ({Black should play} 6... Nbd7 $11) 7. bxc4 $14 Bxf3 8. Bxf3 {[%emt 0:01:39] [#]} e5 $146 {[%emt 0:00:10] White is better.} ({Predecessor:} 8... Qd4 9. Qb3 Nbd7 10. Bb2 Qb6 11. Qc2 Bc5 12. Nc3 Bd4 13. Na4 Qa6 14. Bxd4 e5 15. Nc5 {1-0 Salokangas,H (2192)-Boissonnier,K (2038) FIN-chT1C 0910 2009 (5.4)}) 9. Qb3 Qc7 10. Nc3 Nbd7 11. d3 Bd6 12. Rb1 {[%emt 0:11:44] White is more active.} Nc5 13. Qc2 O-O 14. Na4 Rfe8 15. Nxc5 Bxc5 16. Rb3 h6 17. Bb2 Rad8 18. Rb1 Qe7 19. e3 Rd6 20. Be2 {[%emt 0:01:27] This pair of bishops is nice.} b6 21. a4 Nd7 22. Bg4 Rd8 23. a5 Nf6 24. Be2 Qe6 25. Ba3 Nd7 26. axb6 axb6 27. Bxc5 Nxc5 28. Ra3 Qf5 29. Rxb6 Nxd3 30. Rxd3 (30. Bxd3 {is interesting.} Rxd3 31. Rxd3 Rxd3 32. Rxc6 Qe4 33. h4) 30... Rxd3 31. Bxd3 Qxd3 (31... Rxd3 $11 32. Rxc6 Qe4) 32. Qxd3 $16 Rxd3 33. Rxc6 $11 {[%emt 0:00:13][%mdl 4096] Endgame KR-KR} Rc3 34. g4 Kf8 35. Rc7 g6 36. Kg2 Kg7 37. Kf3 Kf6 38. h4 Rc2 39. Rc6+ Ke7 40. h5 gxh5 41. gxh5 ({Reject} 41. Rxh6 $6 hxg4+ 42. Kxg4 Rxf2 $11) 41... Kd7 {[%emt 0:00:53] Prevents c5.} 42. Rxh6 Rxc4 43. Rf6 Ke7 44. Rf5 (44. Ra6 $16) 44... Ke6 $1 {[%emt 0:01:41] The position is equal.} 45. e4 {[%emt 0:00:21] [#] h6 would be deadly.} f6 46. h6 Kf7 $1 47. h7 Rc8 48. Rh5 Rh8 $1 49. Kg4 {[%emt 0:04:09] [#] Intending Kf5 and mate.} (49. Rh6 $5) 49... Kg6 {[%emt 0:00:02] Weighted Error Value: White=0.13 (very precise) /Black=0.13 (very precise)} 1/2-1/2

[Event "28th Bosnjaci Open 2024"]
[Site "Bosnjaci"]
[Date "2024.01.09"]
[Round "9.14"]
[White "Rosic, Slavko S"]
[Black "Begic, Domagoj"]
[Result "0-1"]
[ECO "B07"]
[WhiteElo "2231"]
[BlackElo "2052"]
[Annotator "TA"]
[PlyCount "50"]
[EventDate "2024.01.02"]
[EventType "swiss"]
[EventCountry "CRO"]
[SourceTitle "playchess.com"]
[Source "ChessBase"]
[SourceQuality "1"]
[TimeControl "5400+30"]

1. e4 d6 2. d4 Nf6 3. Nc3 c6 4. f4 Qa5 5. Bd3 e5 6. dxe5 dxe5 7. f5 b5 8. Nf3 Nbd7 9. Be3 b4 10. Ne2 (10. Nb1 $11 {sieht stärker aus.}) 10... Bc5 $15 {[%emt 0:03:11] Schwarz steht etwas besser.} 11. Bxc5 Qxc5 ({Jedoch nicht} 11... Nxc5 12. Ng3 $15) 12. h3 {[%emt 0:00:07] Gegen Ng4 gerichtet.} O-O 13. Qd2 Nb6 14. b3 {[%emt 0:00:28] [#] Es drohte Nc4} (14. a3 $11) 14... Bxf5 $1 $17 15. exf5 e4 16. Bxe4 Nxe4 17. Qd4 Qxf5 {[%emt 0:12:40] Weiss muss nun ...c5 beachten.} 18. Qxb4 (18. O-O $17 {war einen Versuch wert.}) 18... Nd5 19. Qd4 (19. Qa5) 19... c5 $19 20. Qd3 Nb4 21. Qd1 (21. Qc4 $142 Nd6 22. Qg4 Nxc2+ 23. Kd2 Nxa1 24. Qxf5 Nxb3+ (24... Nxf5 $2 25. Rxa1 Rfe8 26. Rc1 $19) 25. axb3 Nxf5 26. Re1) 21... Rad8 22. Qc1 {[%emt 0:00:06] [#]} Rd2 $3 23. Nxd2 (23. O-O Rxe2) 23... Qf2+ 24. Kd1 Rd8 25. a3 Qe3 {[%emt 0:00:00] Weiß schien mit der Eröffnung nicht zurechtzukommen.   Gewichteter Fehlerwert: Weiß=0.92/Schwarz=0.04 (makellos) .  Fehler:       	Weiß=5     	---        Ungenau:       	Weiß=1     	Schwarz=2     OK:         	Weiß=3     	Schwarz=4     Bester:       	Weiß=1     	Schwarz=3     Brilliant:      	---       	Schwarz=1} (25... Rxd2+ $2 26. Qxd2 Nxd2 27. Kxd2 Nxc2 28. Kxc2 $19) 0-1

[Event "28th Bosnjaci Open 2024"]
[Site "Bosnjaci"]
[Date "2024.01.09"]
[Round "9.15"]
[White "Starcevic, Ante Leon"]
[Black "Kejzar, Petra"]
[Result "1/2-1/2"]
[ECO "D02"]
[WhiteElo "2209"]
[BlackElo "2025"]
[Annotator "TA"]
[PlyCount "36"]
[EventDate "2024.01.02"]
[EventType "swiss"]
[EventCountry "CRO"]
[SourceTitle "playchess.com"]
[Source "ChessBase"]
[SourceQuality "1"]
[TimeControl "5400+30"]

1. d4 Nf6 2. Nf3 e6 3. Bf4 d5 4. e3 c5 5. Nbd2 Bd6 6. Bg3 Qc7 7. c3 Nbd7 8. Bd3 O-O 9. Qe2 {[%emt 0:00:11] D02: 1 d4 d5 2 Nf3 sidelines, including 2...Nf6 3 g3 and 2...Nf6 3 Bf4.} e5 10. e4 dxe4 {[%emt 0:08:36] [#]} (10... cxd4 $15 11. cxd4 dxe4 12. Nxe4 Nxe4 13. Bxe4 (13. Qxe4 Nf6 $17) 13... exd4) 11. Bxe4 $146 (11. Nxe4 $11 {was the only way to keep the balance.} Nxe4 12. dxe5 (12. Qxe4 $2 Nf6 $19) 12... Nxg3 13. hxg3) ({Predecessor:} 11. Nxe4 Nxe4 12. dxe5 Nxg3 13. hxg3 Re8 14. Bxh7+ Kf8 15. Bc2 Bxe5 16. Kf1 g6 17. Re1 {1-0 Liu,C (2107)-Sigeman,J (2146) Helsingor Hojstrupgaard op 2021 (5)}) 11... exd4 $17 12. cxd4 Re8 {[%emt 0:10:58] White must now prevent ...cxd4.} 13. O-O Bxg3 14. hxg3 {[%emt 0:00:15] [#]} cxd4 (14... c4 $1 $17 {aiming for ...Nxe4.} 15. Nh4 (15. Qxc4 $2 Qxc4 16. Bxh7+ Nxh7 $19) 15... Nb6) 15. Rfe1 $15 ({Much worse is} 15. Nxd4 Nc5 16. f3 Qxg3 $19) 15... Nc5 16. Qc4 Be6 ({Of course not} 16... Nfxe4 17. Nxe4 (17. Qxd4 $2 {too greedy.} Bf5 $19) 17... Ne6 18. Qxc7 Nxc7 19. Nxd4 $11) 17. Qxd4 {[%emt 0:03:22] Rac1 would be deadly.} Ncxe4 18. Nxe4 Nxe4 {[%emt 0:00:23] Weighted Error Value: White=0.30/Black=0.19 (very precise)} 1/2-1/2

[Event "28th Bosnjaci Open 2024"]
[Site "Bosnjaci"]
[Date "2024.01.09"]
[Round "9.16"]
[White "Goric, Esad"]
[Black "Petricevic, Mateo"]
[Result "1/2-1/2"]
[ECO "A06"]
[WhiteElo "2196"]
[BlackElo "2019"]
[Annotator "TA"]
[PlyCount "164"]
[EventDate "2024.01.02"]
[EventType "swiss"]
[EventCountry "CRO"]
[SourceTitle "playchess.com"]
[Source "ChessBase"]
[SourceQuality "1"]
[TimeControl "5400+30"]

1. Nf3 Nf6 2. b3 d5 3. Bb2 Bf5 4. e3 e6 5. Be2 Be7 6. Nh4 {[%emt 0:00:40] A06: Réti Opening: 1 Nf3 d5.} Bg6 7. O-O c6 (7... c5 $11 {is more appropriate.}) 8. d3 {[%emt 0:01:48] White is slightly better.} O-O 9. Nd2 {[%emt 0:00:22] [#]} Qc7 $146 ({Predecessor:} 9... Nbd7 10. Nxg6 hxg6 11. f4 Nh7 12. e4 Qb6+ 13. Kh1 dxe4 14. dxe4 Ndf6 15. Bf3 Rfd8 {1-0 Cakl,Z (2136)-Mraz,P (1785) Liberec op 10th 2009 (1)}) 10. Nxg6 (10. c4 {looks sharper.} Ng4 11. Bxg4 Bxh4 12. Nf3) 10... hxg6 11. c4 Rd8 12. Qc2 a5 13. a3 Nbd7 14. Rfd1 Rac8 15. Rac1 Qb8 16. Qb1 Nc5 17. Bc3 Qa8 18. Bb2 Qb8 $1 19. h3 Qa8 20. Bc3 b5 21. cxb5 cxb5 22. Qb2 b4 23. Bxf6 (23. Bd4 $142) 23... Bxf6 24. d4 Qb7 25. a4 (25. Rxc5 $2 {perishes.} Rxc5 26. axb4 axb4 $19) 25... Nd7 26. Bb5 Be7 27. Bxd7 Rxd7 28. Rxc8+ Qxc8 29. Rc1 Rc7 30. Rxc7 Qxc7 $11 {[%emt 0:00:00][%mdl 4096] Endgame KQB-KQN} 31. Nf3 Bd6 32. Kf1 Qc6 33. Ke1 Kf8 34. Kd2 Qa6 35. Qc1 {[%emt 0:00:00] Prevents Qf1} Ke7 36. Qd1 Kd8 37. Qe2 Qc6 38. Qd3 {[%emt 0:00:00] Dodges Qc3+} Ke7 39. Ne1 Kd7 40. Qc2 Qxc2+ 41. Kxc2 {[%emt 0:00:00] KB-KN} Kc6 42. Nd3 f6 43. f4 Kd7 44. Kd2 Bf8 45. Ke2 Bd6 46. Kf3 Ke7 47. g4 f5 48. h4 ({White should play} 48. Ne1 $14) 48... Kf6 49. h5 $2 (49. g5+ $11 Ke7 50. Kg3) 49... gxh5 $2 (49... fxg4+ $19 50. Kxg4 gxh5+ 51. Kh4 (51. Kxh5 $2 {too greedy.} Kf5 $19) 51... g6) 50. gxh5 g5 51. fxg5+ Kxg5 52. Nc5 e5 53. Ne6+ $1 Kxh5 54. dxe5 Bxe5 55. Nd8 $1 Kg5 56. Nc6 Bc7 57. Ne7 Bh2 58. Nxd5 Kg6 59. e4 Bb8 $2 (59... Bg1 $16) 60. Nb6 $2 (60. Ne7+ $18 Kf6 61. Nxf5) 60... Bc7 $1 61. Nd5 Bd6 $2 {[%emt 0:00:26] [#]} (61... Bb8 $1 $11) 62. Ne3 $2 (62. Ke3 $1 $18 ) 62... f4 $1 {[%emt 0:00:38] The position is equal.} (62... fxe4+ 63. Kxe4 Kf6 64. Kd5 $18) 63. Nd5 (63. Nc4 $5 Bc7 $8 64. Nb2 $11) 63... Kg5 64. Nb6 Bc7 65. Nc4 Bd8 66. Nb2 (66. Nd6 $5 Bc7 67. Nc4 $11 (67. e5 Bxd6 68. exd6 Kf6 $11)) 66... Bc7 67. Nd3 Bb8 68. Nf2 Kf6 69. Nd3 Kg5 70. Nc5 Bd6 71. Ne6+ (71. Nb7 $5 Bc7 $8 72. Nc5 $11) 71... Kf6 72. Nxf4 Ke5 73. Nd5 {[%emt 0:03:08] [#] Ke3 would be deadly.} Kd4 74. Ke2 Kxe4 75. Nb6 $1 Kd4 76. Kd2 Bf4+ 77. Kc2 $1 Bc7 78. Nc4 Bd8 79. Nd2 Ke3 80. Nc4+ Ke2 81. Ne5 Bc7 82. Nc4 Bd8 {Weighted Error Value: White=0.32/Black=0.16 (very precise)} 1/2-1/2

[Event "28th Bosnjaci Open 2024"]
[Site "Bosnjaci"]
[Date "2024.01.09"]
[Round "9.17"]
[White "Vucenovic, Damian"]
[Black "Tomas, Ante"]
[Result "0-1"]
[ECO "B27"]
[WhiteElo "2193"]
[BlackElo "2014"]
[Annotator "TA"]
[PlyCount "144"]
[EventDate "2024.01.02"]
[EventType "swiss"]
[EventCountry "CRO"]
[SourceTitle "playchess.com"]
[Source "ChessBase"]
[SourceQuality "1"]
[TimeControl "5400+30"]

1. e4 c5 2. Nf3 g6 3. c3 Bg7 4. d4 cxd4 5. cxd4 d5 6. e5 Bg4 7. Nc3 Nc6 8. Be3 Nh6 $1 {[%emt 0:00:15] The main line 8...Nh6 scores better than 8...e6. B27: Sicilian: 2 Nf3, unusual Black 2nd moves.} (8... e6 $5 ) 9. Qb3 (9. h3 $11 Bxf3 10. Qxf3) 9... Qd7 (9... O-O $1 $15) 10. Qxd5 ({Much worse is} 10. Nxd5 Bxf3 11. gxf3 Rd8 $15) (10. Nh4 $11) 10... Qxd5 $15 {[%emt 0:02:19] Black is slightly better.} 11. Nxd5 O-O-O {[%emt 0:00:58] [#] Inhibits Nc7.} 12. Nc3 $146 ({Predecessor:} 12. Bxh6 Bxh6 13. Ne3 Bxf3 14. gxf3 Rxd4 15. Bh3+ Kb8 16. Ke2 Nxe5 17. Rad1 Rhd8 18. Rxd4 Rxd4 {0-1 Bartron,P (2292)-Rupel,D (2112) Washington State-ch Premier 2000}) 12... Bxf3 13. gxf3 Nxd4 14. Rc1 {[%emt 0:04:01] Wards off Nc2+. Hoping for Bxd4.} Kb8 ({Don't play} 14... Nxf3+ 15. Ke2 Nxe5 16. Nb5+ Kd7 17. Bg2 $11) 15. Bg2 Nhf5 {[%emt 0:01:40] aiming for ...Nh4. Excellent horsemanship.} 16. f4 Rd7 17. h4 (17. Ne2 {is more complex.} Nh4 18. Be4 Ndf5 19. Rd1) 17... Rhd8 18. Ne4 Nxe3 19. fxe3 Nf5 20. Ke2 (20. Bh3 $142) 20... h5 (20... f6 $5 ) 21. Rc2 Rd3 22. Rh3 {[%emt 0:45:27] Strongly threatening Nc5.} R3d7 $1 23. b4 (23. Ng5 $5 ) 23... e6 24. Ng5 Bh6 25. Ne4 (25. Be4 $11) 25... Bf8 {[%emt 0:01:54] Black is more active.} 26. b5 (26. Nc5 $1 $15 Rc7 27. Be4) 26... Be7 ({Black should try} 26... Bb4 $1 $17) 27. Ng5 $1 $11 Bxg5 28. hxg5 Rc7 (28... Rd1 {feels hotter.} 29. b6 axb6 30. e4 Ne7) 29. Rxc7 Kxc7 {[%emt 0:05:13][%mdl 4096] Endgame KRB-KRN} 30. Be4 Kb6 31. Kf3 Kxb5 32. Bxb7 $2 {[%emt 0:00:00] [#] Black continues to play with concentration.} (32. Rh2 $11) 32... Rd3 $1 $19 33. Ke4 (33. Ke2 Ra3 34. Be4) 33... Rd7 34. Ba8 {[%emt 0:00:00] [#]} Rd8 $1 35. Bb7 Kb6 36. Rh2 Kxb7 {[%emt 0:00:00] KRN-KR} 37. Rb2+ Kc6 38. Rc2+ Kb6 39. a4 Rd7 40. Kf3 Rd3 41. a5+ Kb7 {[%emt 0:00:37] White must now prevent ...Nd4+.} 42. Rb2+ Ka6 43. Rb8 Rxe3+ 44. Kg2 Rc3 45. Rd8 Rc7 46. Kh3 Kxa5 47. Rd1 a6 48. Rb1 Ka4 49. Ra1+ Kb5 50. Rb1+ Kc6 51. Rc1+ Kb6 52. Rb1+ Ka7 {[%emt 0:00:08] ( -> ...a5)} 53. Ra1 Rc3+ 54. Kg2 Rb3 55. Kh2 Ne7 56. Rc1 a5 57. f5 Nxf5 58. Rc7+ Rb7 59. Rc4 Rb4 60. Rc7+ Rb7 61. Rc4 h4 {[%emt 0:00:00] Black mates.} 62. Kh3 Rb3+ 63. Kh2 Ka6 64. Rc7 Rb7 65. Rc8 a4 66. Kh3 a3 67. Rc3 Rb5 68. Rxa3+ Kb6 69. Kg4 Rxe5 70. Kf4 {[%emt 0:00:00] [#]} Re3 $1 71. Rb3+ (71. Rxe3 Nxe3) 71... Rxb3 72. Kg4 h3 {[%emt 0:00:00] Weighted Error Value: White=0.56/Black=0.19 (very precise)} (72... Re3 $142 73. Kf4 e5+ 74. Kg4 Rg3#) 0-1

[Event "28th Bosnjaci Open 2024"]
[Site "Bosnjaci"]
[Date "2024.01.09"]
[Round "9.18"]
[White "Vidovic, Sasa"]
[Black "Ivancic, Ivan"]
[Result "1-0"]
[ECO "A01"]
[WhiteElo "2176"]
[BlackElo "2001"]
[Annotator "TA"]
[PlyCount "57"]
[EventDate "2024.01.02"]
[EventType "swiss"]
[EventCountry "CRO"]
[SourceTitle "playchess.com"]
[Source "ChessBase"]
[SourceQuality "1"]
[TimeControl "5400+30"]

1. b3 e5 2. Bb2 Nc6 3. e3 d5 4. Bb5 Bd6 5. Nf3 f6 6. c4 a6 {[%emt 0:01:44] A01: Nimzowitsch-Larsen Opening.} 7. Bxc6+ {[%emt 0:14:14] 7.Ba4 is the fancy move.} bxc6 8. Qc2 Qd7 {[%emt 0:14:44] [#] The position is equal.} 9. d3 $146 ({Predecessor:} 9. d4 e4 10. Ng1 f5 11. Ne2 a5 12. Ba3 Nf6 13. Bxd6 cxd6 14. Nd2 Ba6 15. O-O {½-½ Knoll,H (2439)-Loeschnauer,R (2469) AUT-chT13 email 2013}) 9... Bb4+ 10. Bc3 Bxc3+ 11. Nxc3 Ne7 12. Rc1 Qg4 13. O-O O-O 14. Ne2 e4 ({Better is} 14... dxc4 $14 15. Qxc4+ Qxc4 16. Rxc4 a5) 15. dxe4 dxe4 16. h3 Qg6 17. Nf4 Qf5 18. Nd2 ({White should play} 18. g4 Qd7 19. Rcd1 (19. Qxe4 f5 $16)) 18... g5 (18... Qe5 $16) 19. Ne2 $36 {[%emt 0:01:41][%mdl 2048] White has strong initiative.} (19. Qxe4 Qxe4 20. Nxe4 gxf4 21. exf4 Ng6 $17) 19... g4 20. Ng3 (20. Nxe4 $6 gxh3 21. g3 Qf3 $16) 20... Qg6 21. hxg4 ({Resist} 21. Ngxe4 $6 gxh3 22. g3 Bf5 $14) ({Much less strong is} 21. Qxe4 Qxe4 22. Ndxe4 (22. Ngxe4 gxh3 23. g3 Bg4 $16) 22... gxh3) (21. Ndxe4 gxh3 22. Qe2 Bg4 $11) 21... Bxg4 22. Qxe4 Nf5 (22... Rf7 $142 23. Qxg6+ hxg6) 23. Nxf5 ({Don't do} 23. Qxc6 $6 Nxg3 24. fxg3 Rad8) 23... Bxf5 24. Qf4 Kh8 (24... Rad8 {might work better.}) 25. Nf3 {[%emt 0:01:31][%cal Bd2f3,Bf3h4,Bh4f3,Bf3e5][%mdl 32] [#] Nh4! is the strong threat.} Be6 26. Nh4 Qg5 (26... Qg4 {is a better defense.} 27. Rfe1 Rf7 28. Qxg4 Bxg4) 27. Qxg5 fxg5 28. Nf3 h6 29. Ne5 {[%emt 0:00:21] Weighted Error Value: White=0.16 (very precise) /Black=0.36} 1-0